AoeStats
← [Massa] Edo

Hill Fort

506980104Analyzed
3v3 RM · 15d ago on Sep 16, 2026· 51m 19s· 6 players
Game mode
Random Map
Map size
Normal (6 player)
Population
200
Speed
Normal
Resources
Standard
Victory
Conquest
Starting age
Dark Age
Ending age
Imperial Age
RankedLock teamsTeams togetherTeam positionsShared explorationLock speedFull tech treeHidden civsTurbo modeCheats
Victory
Defeat
🇺🇸 Mongols · United States
1465
+19
🇧🇷 Khmer · Brazil
1461
+20
🇧🇷 Gurjaras · Brazil
1403
+22
🇧🇷 Britons · Brazil
1616
-24
🇧🇷 Tupi · Brazil
1590
-22
🇧🇷 Spanish · Brazil
1410
-15
[Massa] Edo
9:34 Feudal Age
12:54 Castle Age
11:27 Double-Bit Axe
11:47 Horse Collar
15:52 Loom
20:27 Wheelbarrow
24:55 Ballistics
25:12 Hand Cart
33:19 Imperial Age
31:39 Bow Saw
32:00 Heavy Plow
31:51 Gold Mining
31:52 Stone Mining
33:17 Scale Barding Armor
33:23 Forging
35:22 Chemistry
33:51 Heavy Scorpion
34:56 Double Crossbow
35:19 Conscription
35:40 Crop Rotation
34:57 Light Cavalry
35:47 Bloodlines
35:38 Husbandry
36:21 Chain Barding Armor
37:32 Iron Casting
37:51 Plate Barding Armor
36:46 Hussar
40:36 Caravan
42:58 Blast Furnace
44:14 Siege Engineers
44:05 Murder Holes
44:21 Masonry
44:02 Fletching
51:03 Coinage
tg
11:36 Feudal Age
15:29 Castle Age
13:41 Horse Collar
14:13 Double-Bit Axe
16:43 Bow Saw
17:05 Heavy Plow
17:11 Loom
18:04 Gold Mining
19:56 Wheelbarrow
21:55 Hand Cart
22:41 Town Watch
24:18 Fletching
26:31 Padded Archer Armor
27:31 Leather Archer Armor
27:54 Bodkin Arrow
28:35 Bloodlines
29:04 Bloodlines
30:07 Ballistics
30:28 Crossbowman
34:01 Imperial Age
32:30 Thumb Ring
34:44 Bracer
34:34 Elite Elephant Archer
36:32 Crop Rotation
37:30 Husbandry
39:30 Chemistry
40:00 Conscription
41:28 Kshatriyas
42:44 Masonry
43:57 Light Cavalry
44:44 Scale Barding Armor
45:58 Caravan
46:45 Chain Barding Armor
47:44 Hussar
el_Feist
11:05 Feudal Age
12:56 Double-Bit Axe
13:15 Horse Collar
15:50 Castle Age
15:19 Loom
18:00 Wheelbarrow
18:39 Horse Collar
20:49 Bow Saw
20:44 Heavy Plow
28:06 Fletching
30:02 Bodkin Arrow
31:03 Padded Archer Armor
37:12 Leather Archer Armor
37:05 Light Cavalry
37:58 Bloodlines
37:49 Husbandry
40:25 Imperial Age
39:36 Gold Mining
40:57 Capped Ram
41:59 Drill
45:56 Hand Cart
46:10 Bracer
46:17 Scale Barding Armor
46:23 Forging
45:50 Siege Ram
46:58 Caravan
47:36 Bloodlines
47:35 Bracer
48:04 Hussar
48:12 Onager
49:57 Hoardings
49:55 Forging
Shincham
9:36 Feudal Age
9:46 Feudal Age
12:10 Loom
15:06 Castle Age
14:10 Double-Bit Axe
14:38 Horse Collar
16:40 Fletching
19:56 Bodkin Arrow
21:12 Padded Archer Armor
25:45 Wheelbarrow
25:43 Ballistics
26:31 Bow Saw
27:32 Leather Archer Armor
30:27 Hand Cart
31:36 Town Watch
36:46 Imperial Age
35:40 Heavy Plow
35:35 Gold Mining
35:36 Stone Mining
37:43 Gold Shaft Mining
37:34 Bracer
38:37 Chemistry
38:01 Curare
38:17 Elite Blackwood Archer
39:52 Ring Archer Armor
39:47 Conscription
38:48 Elite Blackwood Archer
41:28 Forging
41:18 Scale Mail Armor
42:20 Two-Man Saw
42:29 Hoardings
44:17 Hoardings
43:47 Caravan
44:02 Chain Mail Armor
44:23 Iron Casting
43:31 Onager
44:36 Arson
44:51 Squires
44:15 Champi Runner
45:34 Plate Mail Armor
46:38 Treadmill Crane
46:53 Murder Holes
Sub Leo
7:35 Loom
10:57 Feudal Age
15:40 Castle Age
14:14 Horse Collar
14:48 Double-Bit Axe
28:35 Wheelbarrow
29:51 Bow Saw
29:33 Town Watch
36:46 Imperial Age
34:52 Hand Cart
35:34 Town Patrol
36:19 Gold Mining
36:19 Stone Mining
36:37 Heavy Plow
38:18 Conscription
37:19 Elite Conquistador
38:31 Ballistics
41:58 Chemistry
43:35 Padded Archer Armor
43:26 Fletching
45:34 Leather Archer Armor
45:16 Bodkin Arrow
45:01 Elite Skirmisher
45:47 Thumb Ring
47:35 Bracer
48:06 Ring Archer Armor
48:47 Bloodlines
48:38 Husbandry
47:58 Light Cavalry
49:37 Forging
49:32 Scale Barding Armor
49:59 Hussar
51:02 Chain Barding Armor
51:18 Iron Casting
Snoopy
10:10 Feudal Age
15:21 Castle Age
13:45 Double-Bit Axe
15:12 Fletching
15:22 Crossbowman
16:59 Bodkin Arrow
18:45 Bow Saw
25:56 Wheelbarrow
26:07 Gold Mining
26:28 Loom
27:08 Padded Archer Armor
27:06 Horse Collar
28:23 Hand Cart
34:45 Imperial Age
33:48 Leather Archer Armor
34:16 Ballistics
33:49 Stone Mining
35:39 Bracer
35:01 Arbalester
38:13 Ring Archer Armor
38:53 Chemistry
39:59 Scale Barding Armor
41:37 Conscription
42:30 Yeomen
41:59 Capped Ram
45:26 Chain Barding Armor
44:28 Light Cavalry
45:09 Husbandry
47:39 Scale Mail Armor
47:50 Forging
47:03 Man-at-Arms
48:13 Caravan
Connection lost

Rejoining the realm…

Still unreachable

The connection could not be restored.

Session expired

The server has moved on; the page needs a fresh start.